 Dungeon Crawl Stone Soup version 0.30.1-11-g7821555f0a (webtiles) character file.

Game seed: 2998394499726882734

443 KittyFluff the Cudgeller (level 7, -20/66 HPs)
             Began as a Gargoyle Berserker on Oct 30, 2023.
             Was a Priest of Trog.
             Demolished by an ogre
             ... wielding a +0 giant club
              (22 damage)
             ... on level 4 of the Dungeon.
             The game lasted 00:10:56 (3153 turns).

KittyFluff the Cudgeller (Gargoyle Berserker)       Turns: 3153, Time: 00:10:56

Health: -20/66     AC: 12    Str: 23    XL:     7   Next: 2%
Magic:  7/7        EV: 12    Int:  7    God:    Trog [***...]
Gold:   274        SH:  0    Dex:  9    Spells: 6/6 levels left

rFire   . . .        a - +0 mace
rCold   . . .        (no shield)
rNeg    + . .        m - +0 leather armour
rPois   ∞            (no helmet)
rElec   +            h - +0 cloak
rCorr   .            l - +2 pair of gloves
SInv    .            (no boots)
Will    .....        (no amulet) Stlth
                     (no ring)
HPRegen 0.31/turn    (no ring)
MPRegen 0.10/turn

%: no passive effects
@: berserking, very quick
A: sickness immunity, AC +4, negative energy resistance 1, electricity
resistance, torment resistance 1, petrification resistance
a: Renounce Religion, Berserk, Trog's Hand


You were on level 4 of the Dungeon.
You worshipped Trog.
Trog was most pleased with you.
You visited 1 branch of the dungeon, and saw 4 of its levels.

You collected 274 gold pieces.

Inventory:

Hand Weapons
 a - a +0 mace (weapon)
 u - a +0 dire flail
Missiles
 f - 2 datura-tipped darts (quivered)
 n - 3 poisoned darts
 q - 3 boomerangs
Armour
 h - a +0 cloak (worn)
 l - a +2 pair of gloves (worn)
 m - a +0 leather armour (worn)
 t - a +0 plate armour of fire resistance
Jewellery
 o - a ring of magical power
Wands
 x - a wand of roots (10)
Scrolls
 e - 2 scrolls of amnesia {unknown}
 g - a scroll of blinking {unknown}
 i - a scroll of vulnerability {unknown}
 k - a scroll of enchant armour {unknown}
 r - a scroll of fear {unknown}
 s - a scroll of enchant weapon {unknown}
 w - a scroll of magic mapping {unknown}
Potions
 b - a potion of mutation
 c - 2 potions of haste
 d - a potion of resistance
 j - 2 potions of berserk rage
 p - a potion of heal wounds {unknown}
 v - a potion of cancellation {unknown}


   Skills:
 + Level 4.5 Fighting
 * Level 5.0 Maces & Flails
 * Level 4.9 Armour
 + Level 2.8 Dodging


You had 6 spell levels left.
You didn't know any spells.
Your spell library was empty.

Dungeon Overview and Level Annotations

Branches:
Dungeon (4/15)
 Temple: D:4-7

Altars:
Gozag
Okawaru
Uskayaw
Yredelemnul


Innate Abilities, Weirdness & Mutations

You are immune to sickness and miasma.
Your stone body is resilient. (AC +4)
You are immune to poison.
You resist negative energy. (rN+)
You are resistant to electric shocks. (rElec)
You are resistant to unholy torment.
You are immune to petrification.


Message History

You sock the adder!
The adder is severely wounded.
The adder bites you but does no damage. x2
You miss the adder.
The adder is severely wounded.
The adder barely misses you.
You thump the adder!
You kill the adder!
Trog accepts your kill.
Your Maces & Flails skill increases to level 5!
You now have 274 gold pieces (gained 13).
An ogre comes into view. It is wielding a +0 giant club.
The ogre shouts!
You hear an angry hiss.
You closely miss the ogre. The ogre hits you with a +0 giant club.
You hit the ogre.
The ogre is lightly wounded.
The ogre barely misses you.
You thump the ogre!
The ogre is moderately wounded.
The ogre barely misses you.
You hit the ogre but do no damage.
The ogre is moderately wounded.
You barely miss the ogre.
The ogre is moderately wounded.
The ogre hits you with a +0 giant club!
You hit the ogre.
The ogre is heavily wounded.
A ball python comes into view.
The ogre hits you with a +0 giant club!!
You barely miss the ogre.
The ogre is heavily wounded.
The ball python hisses angrily.
The ogre hits you with a +0 giant club!
* * * LOW HITPOINT WARNING * * *
A red film seems to cover your vision as you go berserk!
You feel yourself moving faster!
You feel mighty!
You barely miss the ogre.
The ogre is heavily wounded.
The ogre hits you with a +0 giant club!!
You die...

#..####..# ##......#
###.... ###......#
.#..... #........†..####
.......
##.............#....S...
##.....................
....###...######.......
....# ##..# ##O....#
...# #..# ##@....# ...
##.####......#
#.##...#####.# ##...###
#.#..# ######


You could see an ogre and a ball python.

Vanquished Creatures
  A phantom (D:3)
  5 wights (D:3)
  4 adders
  3 dart slugs
  4 orcs (D:3)
  4 bats
  4 endoplasms
  A giant cockroach (D:2)
  2 goblins (D:1)
  7 hobgoblins
  3 jackals (D:3)
  8 kobolds
  3 quokkas (D:1)
  10 ball pythons
  6 frilled lizards
  9 rats
74 creatures vanquished.

Notes
Turn   | Place    | Note
-------+----------+-------------------------------------------
     0 | D:1      | KittyFluff the Gargoyle Berserker began the quest for the
                  | Orb.
     0 | D:1      | Reached XP level 1. HP: 14/14 MP: 1/1
   162 | D:1      | Reached XP level 2. HP: 12/19 MP: 2/2
   417 | D:1      | Found a faded altar of an unknown god.
   552 | D:1      | Reached ** piety under Trog
   554 | D:1      | Reached XP level 3. HP: 23/23 MP: 3/3
  1679 | D:2      | Reached XP level 4. HP: 29/29 MP: 4/4
  2115 | D:3      | Noticed a phantom
  2142 | D:3      | Killed a phantom
  2143 | D:3      | Reached skill level 4 in Maces & Flails
  2143 | D:3      | Reached XP level 5. HP: 26/33 MP: 5/5
  2261 | D:3      | Reached *** piety under Trog
  2386 | D:3      | Found an iron altar of Okawaru.
  2386 | D:3      | Found a basalt altar of Yredelemnul.
  2494 | D:3      | Reached XP level 6. HP: 10/38 MP: 6/6
  2780 | D:3      | Found a hide-covered altar of Uskayaw.
  2780 | D:3      | Found an opulent altar of Gozag.
  2828 | D:3      | Reached XP level 7. HP: 44/44 MP: 7/7
  3130 | D:4      | Reached skill level 5 in Maces & Flails
  3151 | D:4      | HP: 1/44 [ogre/+0 giant club (13)]
  3153 | D:4      | Demolished by an ogre

Illustrated notes

Levels and vault maps discovered:
D:1:      pf_arrival_petrified_forest, layout_basic,
          chequers_ecumenical_altar_twisty, serial_co_window_serial,
          co_window_of_opportunity_a, co_window_paths_b, co_window_paths_b,
          co_window_cross_1, co_window_corner_a, co_window_corner_a,
          co_window_corner_b, co_window_of_opportunity_b, co_window_broadway_c,
          co_window_of_opportunity_c, co_window_2corner, glass_columns_c,
          glass_columns_b, glass_columns_b, nrook_mini_vaults,
          minmay_pentomino_q2
D:2:      layout_basic
D:3:      layout_loops_corners, nicolae_overflow_two_pavilions,
          chequers_temple_overflow_statue_of_worship
D:4:      layout_layer_cave, general_overflow_altar

Skill      XL: |  1  2  3  4  5  6  7 |
---------------+----------------------+-----
Armour         | 3 4 |  4.9
Dodging        | 2 |  2.8
Fighting       | 4 |  4.5
Maces & Flails | 4 5 |  5.0

Action                     |  1- 3 |  4- 6 |  7- 9 || total
---------------------------+-------+-------+-------++-------
  Melee: Mace              |   133 |   134 |    16 ||   283
         Punch             |     1 |     1 |       ||     2
 Invoke: Berserk           |       |     1 |     1 ||     2
    Use: Scroll            |       |       |     4 ||     4
   Stab: Sleeping          |     1 |       |       ||     1
 Armour: Animal skin       |    27 |       |       ||    27
         Leather armour    |    32 |    52 |     3 ||    87
  Dodge: Dodged            |    88 |    76 |     7 ||   171
